 Dungeon Crawl Stone Soup version 0.29.1-1-gd02db69 (webtiles) character file.

Game seed: 11897794530637281752

65 jagoly the Changer (level 4, -10/28 HPs)
             Began as an Octopode Transmuter on Oct 2, 2022.
             Killed from afar by Ijyb (17 damage)
             ... with a bolt of dispelling energy
             ... on level 2 of the Dungeon.
             The game lasted 00:04:51 (1093 turns).

jagoly the Changer (Octopode Transmuter)            Turns: 1093, Time: 00:04:55

Health: -10/28     AC:  1    Str:  9    XL:     4   Next: 14%
Magic:  7/7        EV: 13    Int: 23    God:
Gold:   91         SH:  0    Dex: 12    Spells: 1/7 levels left

rFire   . . .      SeeInvis .   b - +1 hand axe (freeze)
rCold   . . .      Faith    .   (no shield)
rNeg    . . .      Spirit   .   (helmet restricted)
rPois   .          Reflect  .   (no amulet)
rElec   .          Harm     .   i - +6 ring of intelligence
rCorr   .          Rampage  .   (no ring)
Will    .....                   (no ring)
Stlth   ++........              (no ring)
HPRegen 0.09/turn               (no ring)
MPRegen 0.10/turn               (no ring)
                                (no ring)
                                (no ring)

@: no status effects
A: almost no armour, amphibious, 8 rings, camouflage 1, gelatinous body 1,
(nimble swimmer 1), tentacles
a: no special abilities


You were on level 2 of the Dungeon.
You visited 1 branch of the dungeon, and saw 2 of its levels.

You collected 91 gold pieces.

Inventory:

Hand Weapons
 b - a +1 hand axe of freezing (weapon)
Missiles
 f - 6 silver javelins
 g - 10 stones
 k - 6 boomerangs
Jewellery
 i - a +6 ring of intelligence (left tentacle)
Scrolls
 c - a scroll of vulnerability {unknown}
 e - a scroll of noise {unknown}
 j - a scroll of fear {unknown}
Potions
 a - a potion of lignification
 d - a potion of mutation {unknown}
 h - a potion of flight {unknown}
 l - a potion of attraction {unknown}
 m - a potion of ambrosia {unknown}


   Skills:
 - Level 1.0 Fighting
 - Level 2.0 Dodging
 - Level 3.0 Unarmed Combat
 - Level 2.0 Spellcasting
 + Level 3.3 Transmutations
 * Level 1.6 Ice Magic
 - Level 2.0 Poison Magic


You had one spell level left.
You knew the following spells:

 Your Spells              Type           Power      Damage    Failure   Level
A - Beastly Appendage     Tmut           34%        N/A       3%          1
P - Spider Form           Tmut/Pois      14%        N/A       13%         3
W - Wereblood             Tmut           17%        N/A       4%          2

Your spell library contained the following spells:

 Spells                   Type           Power      Damage    Failure   Level
 Freeze                   Ice            36%        1d6       7%          1
 Frozen Ramparts          Ice            18%        1d3       21%         3
 Ice Form                 Ice/Tmut       13%        N/A       43%         4
 Hailstorm                Conj/Ice       6%         3d4       67%         4
 Anguish                  Hex/Necr       1%         N/A       77%         4
 Enfeeble                 Hex            1%         N/A       100%        7


Dungeon Overview and Level Annotations

Branches:
Dungeon (2/15) Zot: 10890

Altars:

Annotations:
D:1 exclusion: gnoll
D:2 Ijyb


Innate Abilities, Weirdness & Mutations

You cannot wear most types of armour.
You are amphibious.
You can wear up to eight rings at the same time.
Your skin changes colour to match your surroundings (Stealth+).
Your rubbery body absorbs attacks. (AC +1, EV +1)
((You are camouflaged when in or above water. (Stealth+)))
You have tentacles for arms and can constrict up to eight enemies at once.


Message History

The bolt of dispelling energy hits the goblin!
The goblin dies!
The bolt of dispelling energy misses you.
Cast which spell? (? or * to list)
You extend your transformation's duration.
You hit the goblin. You freeze the goblin. Your grab misses the goblin.
Your tentacle spike misses the goblin.
The goblin is severely wounded.
Ijyb zaps a wand.
The bolt of dispelling energy hits the goblin!
The goblin dies!
The bolt of dispelling energy misses you.
You see here a +0 club.
Unknown command.
You hit the goblin. You freeze the goblin. Your grab misses the goblin.
You pierce the goblin.
You kill the goblin!
Ijyb zaps a wand.
The bolt of dispelling energy misses you.
Throw: 11 stones
Press: ? - help, Shift-Dir - straight line, f - Ijyb
Aim: Ijyb, wielding a +0 club, wearing a +0 ring mail and carrying a wand of quicksilver (4) (52% to hit)
You throw a stone. The stone closely misses Ijyb.
Ijyb hits you with a +0 club.
Unknown command.
You closely miss Ijyb. Your grab misses Ijyb. You squeeze Ijyb.
Ijyb is lightly wounded.
Ijyb zaps a wand.
The bolt of dispelling energy hits you!
Your magical effects are unravelling.
Ouch! That really hurt!
* * * LOW HITPOINT WARNING * * *
Unknown command.
You hit Ijyb but do no damage. Your grab misses Ijyb.
Ijyb is lightly wounded.
You hit the goblin. You freeze the goblin.
You kill the goblin!
Your tentacle spike disappears.
Ijyb zaps a wand.
The bolt of dispelling energy hits you!
Ouch! That really hurt!
You die...

...# ....###### #...# #### #...#
#.#.## #.#.### #.#..#
#.#...######.#..#
#.>.g.....##.#..#
#######..#..##.##.#..#
8.8.8.8..#.g...##.#..# ..#
...g.gg..#)g#####.#..# ..#
..g..g.?.#.@)# #.#..# ..#
..?.g....#.#)# #.#..### ..#
.........#.#.####.#....# ..#
.........#.#......#.##.# ..#
8.8.8.8..#.#####.......## ..#
##########........#.#...#
..######################.##..##
..†......................##...###
#######################..###...>#


You could see Ijyb and 2 goblins.

Vanquished Creatures
  An adder (D:2)
  3 dart slugs
  3 ball pythons
  3 bats
  5 endoplasms
  A giant cockroach (D:2)
  5 goblins
  3 hobgoblins
  4 jackals (D:2)
  4 quokkas
  A frilled lizard (D:2)
  4 kobolds
  7 rats
44 creatures vanquished.

Vanquished Creatures (others)
  2 goblins (D:2)
  A plant (D:2)
3 creatures vanquished.

Grand Total: 47 creatures vanquished

Notes
Turn   | Place    | Note
-------+----------+-------------------------------------------
     0 | D:1      | jagoly the Octopode Transmuter began the quest for the Orb.
     0 | D:1      | Reached XP level 1. HP: 13/13 MP: 3/3
    85 | D:1      | Reached skill level 1 in Poison Magic
   224 | D:1      | Reached XP level 2. HP: 17/18 MP: 3/5
   310 | D:1      | Learned a level 2 spell: Wereblood
   682 | D:2      | Reached XP level 3. HP: 23/23 MP: 4/6
   748 | D:2      | Learned a level 3 spell: Spider Form
   758 | D:2      | Found a faded altar of an unknown god.
   914 | D:2      | Reached skill level 1 in Ice Magic
   948 | D:2      | Reached XP level 4. HP: 28/28 MP: 5/7
  1076 | D:2      | Noticed Ijyb
  1093 | D:2      | Killed from afar by Ijyb

Illustrated notes

Levels and vault maps discovered:
D:1:      roderic_dead_forest, layout_basic, minmay_tetromino_i2
D:2:      kennysheep_the_goblin_king, layout_basic,
          shapermc_ecumenical_altar_acropolis

Skill      XL: |  1  2  3 |
---------------+----------+-----
Poison Magic   | 1 2 |  2.0
Transmutations | 3 |  3.3
Ice Magic      | 1 |  1.6
Fighting       | |  1.0
Dodging        | |  2.0
Unarmed Combat | |  3.0
Spellcasting   | |  2.0

Action                   |  1- 3 |  4- 6 || total
-------------------------+-------+-------++-------
Melee: Unarmed           |    10 |       ||    10
       Constrict         |    17 |     2 ||    19
       Tentacles         |    14 |     2 ||    16
       Kick              |    12 |     2 ||    14
       Hand axe          |    47 |    11 ||    58
       Punch             |     2 |       ||     2
Throw: Stone             |       |     1 ||     1
 Cast: Beastly Appendage |    21 |     3 ||    24
       Wereblood         |     1 |       ||     1
 Stab: Sleeping          |     4 |     1 ||     5
Armor: Skin              |    11 |       ||    11
Dodge: Dodged            |    36 |     4 ||    40
